 Dungeon Crawl Stone Soup version 0.30-a0-1074-g5db6f66fbb (webtiles) character file.

Game seed: 16790073405753205132

284 pokedragonboy the Conjurer (level 6, 32/32 HPs)
             Began as a Tengu Conjurer on Apr 13, 2023.
             Quit the game on level 3 of the Dungeon.
             The game lasted 00:05:18 (2255 turns).

pokedragonboy the Conjurer (Tengu Conjurer)         Turns: 2255, Time: 00:05:19

Health: 32/32      AC:  3    Str:  4    XL:     6   Next: 29%
Magic:  9/11       EV: 15    Int: 20    God:
Gold:   158        SH:  0    Dex: 16    Spells: 8/11 levels left

rFire   . . .      SeeInvis .    e - +0 spear
rCold   . . .      Faith    .    (no shield)
rNeg    . . .      Spirit   .    p - +0 robe
rPois   .          Reflect  .    (helmet restricted)
rElec   .          Rampage  .    (no cloak)
rCorr   .                        f - +0 pair of gloves "Nibiq" {Str-2 Dex+4}
Will    +....                    (boots unavailable)
Stlth   ++                       (no amulet)
HPRegen 0.25/turn                (no ring)
MPRegen 0.12/turn                (no ring)

@: flying quickly and evasively, quick
A: beak, talons 3, nimble flight, strong-willed 1, weak 1, no potion heal 1
a: no special abilities


You were on level 3 of the Dungeon.
You visited 1 branch of the dungeon, and saw 3 of its levels.

You collected 158 gold pieces.

Inventory:

Hand Weapons
 e - a +0 spear (weapon)
Armour
 f - the +0 pair of gloves "Nibiq" (worn) {Str-2 Dex+4}
   (You found it on level 2 of the Dungeon)

   Str:       It affects your strength (-2).
   Dex:       It affects your dexterity (+4).
 n - the +3 leather armour "Usuucodd" {rN+ MP-9 Int+3}
   (You found it on level 2 of the Dungeon)

   Int:       It affects your intelligence (+3).
   rN:        It protects you from negative energy.
   MP:        It affects your magic capacity (-9).
 p - a +0 robe (worn)
Scrolls
 a - a scroll of enchant armour {unknown}
 c - 2 scrolls of identify
 d - a scroll of blinking {unknown}
 g - a scroll of teleportation {unknown}
 k - a scroll of poison {unknown}
 l - a scroll of silence {unknown}
 o - a scroll of noise {unknown}
Potions
 b - a potion of magic
 h - a potion of might
 i - 2 potions of cancellation
 m - a potion of lignification {unknown}


   Skills:
 - Level 2.1 Dodging
 - Level 2.0 Stealth
 + Level 3.1 Spellcasting
 * Level 7.3 Conjurations
 + Level 1.7 Hexes
 + Level 3.4 Air Magic


You had 8 spell levels left.
You knew the following spells:

 Your Spells              Type           Power      Damage    Failure   Level
a - Magic Dart            Conj           100%       1d8       1%          1
b - Searing Ray           Conj           64%        2d6       1%          2

Your spell library contained the following spells:

 Spells                   Type           Power      Damage    Failure   Level
 Dazzling Flash           Conj/Hex       42%        N/A       7%          3
 Necrotise                Necr           12%        1d4       14%         1
 Fulminant Prism          Conj/Hex       10%        3d9       22%         4
 Iskenderun's Mystic Bla  Conj/Tloc      17%        2d5       30%         4
 Ignite Poison            Fire/Tmut/Pois 3%         N/A       38%         3
 Vampiric Draining        Necr           3%         2d6       38%         3
 Simulacrum               Ice/Necr       1%         N/A       100%        6


Dungeon Overview and Level Annotations

Branches:
Dungeon (3/15)

Altars:


Innate Abilities, Weirdness & Mutations

You have a beak for a mouth.
You have claws for feet.
Your magical nature lets you fly swiftly and evasively.
You are strong-willed. (Will+)
You are weak. (Str -2)
Potions are less effective at restoring your health.


Message History

The magic dart hits the ball python.
You kill the ball python!
Found a robe.
a - a scroll labelled WONNAD WAUNNUN You see here a +0 helmet.
You see here a +0 helmet.
Done exploring.
Done exploring.
There is a stone staircase leading down here.
You fly downwards.
Found 12 gold pieces.
There is a stone staircase leading up here.
Found a stone staircase leading up.
You now have 158 gold pieces (gained 12).
A hobgoblin comes into view.
As you read the scroll labelled MOANGI ITHRAFAA, it crumbles to dust.
It is a scroll of identify.
i - 2 potions of cancellation
Casting: Magic Dart (safe; 1% risk of failure)
Confirm with . or Enter, or press ? or * to list all spells.
Okay, then.
As you read the scroll of identify, it crumbles to dust.
h - a potion of might
As you read the scroll of identify, it crumbles to dust.
j - a potion of mutation A hobgoblin is nearby!
Casting: Magic Dart (safe; 1% risk of failure)
Confirm with . or Enter, or press ? or * to list all spells.
Aiming: Searing Ray (safe; 1% risk of failure)
Press: ? - help, Shift-Dir - straight line, f - hobgoblin
Aim: a hobgoblin (wandering, hasn't noticed you, 81% to hit)
The searing ray hits the hobgoblin!
You kill the hobgoblin! (Press . to maintain the ray.) Unknown command.
Really quaff the potion of mutation?
You feel extremely strange.
Your system partially rejects the healing effects of potions.
You feel weaker.
You feel strong-willed.
Are you sure you want to abandon this character and quit the game? (Confirm with "yes".)

###
######.#
.......##
......#
....#
##..#
#.@.#
#.#.##
#.#..#
#.##.# ..
#.## .#
#..# #.
##.# ..
##.######
#.......#


There were no monsters in sight!

Vanquished Creatures
  Sigmund (D:2)
  Jessica (D:2)
  6 adders (D:2)
  2 dart slugs (D:2)
  2 ball pythons (D:2)
  3 bats
  2 endoplasms (D:2)
  5 giant cockroaches
  2 goblins (D:1)
  10 hobgoblins
  2 jackals (D:2)
  7 kobolds
  3 frilled lizards
  2 rats (D:2)
48 creatures vanquished.

Notes
Turn   | Place    | Note
-------+----------+-------------------------------------------
     0 | D:1      | pokedragonboy the Tengu Conjurer began the quest for the
                  | Orb.
     0 | D:1      | Reached XP level 1. HP: 10/10 MP: 4/4
    13 | D:1      | Got the Meditations on Sizzling Evil
   214 | D:1      | Reached XP level 2. HP: 15/15 MP: 3/6
   262 | D:1      | You fall into a shaft and drop 1 floor!
   268 | D:2      | Identified the +0 pair of gloves "Nibiq" {Str-2 Dex+4}
   275 | D:2      | Reached skill level 1 in Air Magic
   542 | D:1      | Reached XP level 3. HP: 19/19 MP: 5/7
   581 | D:1      | Learned a level 2 spell: Searing Ray
   632 | D:1      | Found a faded altar of an unknown god.
  1356 | D:2      | Noticed Jessica
  1359 | D:2      | Killed Jessica
  1360 | D:2      | Reached skill level 6 in Conjurations
  1360 | D:2      | Reached skill level 1 in Hexes
  1360 | D:2      | Reached XP level 4. HP: 24/24 MP: 3/8
  1549 | D:2      | Identified the +3 leather armour "Usuucodd" {rN+ MP-9
                  | Int+3}
  1734 | D:2      | Noticed Sigmund
  1740 | D:2      | Killed Sigmund
  1741 | D:2      | Reached skill level 7 in Conjurations
  1741 | D:2      | Gained mutation: Your magical nature lets you fly swiftly
                  | and evasively. [Tengu growth]
  1741 | D:2      | Reached XP level 5. HP: 15/28 MP: 1/10
  1741 | D:2      | Reached XP level 6. HP: 17/32 MP: 1/11
  2254 | D:3      | Gained mutation: Potions are less effective at restoring
                  | your health. [potion of mutation]
  2254 | D:3      | Gained mutation: You are weak. (Str -2) [potion of
                  | mutation]
  2254 | D:3      | Gained mutation: You are strong-willed. (Will+) [potion of
                  | mutation]
  2255 | D:3      | Quit the game

Illustrated notes

Levels and vault maps discovered:
D:1:      giann_horns, layout_loops_ring, shapermc_ecumenical_altar_flowoftime
D:2:      minmay_door_path, layout_rooms, uniq_sigmund, uniq_jessica
D:3:      layout_rooms, serial_shops, nicolae_square_shop, uniq_grinder,
          uniq_ijyb

Skill      XL: |  1  2  3  4 |
---------------+-------------+-----
Air Magic      | 1 3 |  3.4
Conjurations   | 6 7 |  7.3
Hexes          | 1 |  1.7
Spellcasting   | 3 |  3.1
Dodging        | |  2.1
Stealth        | |  2.0

Action                     |  1- 3 |  4- 6 || total
---------------------------+-------+-------++-------
  Melee: Unarmed           |     4 |       ||     4
         Kick              |     3 |     1 ||     4
         Spear             |     4 |     1 ||     5
   Cast: Magic Dart        |    50 |    23 ||    73
         Searing Ray       |       |     7 ||     7
    Use: Scroll            |       |     3 ||     3
         Potion            |       |     1 ||     1
 Armour: Robe              |     2 |     2 ||     4
  Dodge: Dodged            |     4 |     3 ||     7

Table legend: (Time is in decaauts)
 A = Elapsed time spent in this place.
 B = Non-inter-level travel time spent in this place.
 C = Inter-level travel time spent in this place.
 D = Time resting spent in this place.
 E = Time spent auto-exploring this place.
 F = Levels seen in this place.
 G = Mean time per level.
                   A        B        C        D        E       F      G
               +--------+--------+--------+--------+--------+-----+--------+
         Total |   2223 |   2166 |     57 |    145 |   1771 |   3 |  741.0 |
       Dungeon |   2223 |   2166 |     57 |    145 |   1771 |   3 |  741.0 |
               +--------+--------+--------+--------+--------+-----+--------+

Top non-repeatable levels by time:
     D:2: 1108 daAuts
     D:1: 1084 daAuts
     D:3: 30 daAuts
